 Dungeon Crawl Stone Soup version 0.21.1-1-g345015f (webtiles) character file.

2125 GreatBrownShark the Cleaver (level 9, 0/71 HPs)
             Began as a Hill Orc Monk on June 27, 2018.
             Was a Follower of Beogh.
             Slain by a blink frog (14 damage)
             ... on level 8 of the Dungeon.
             The game lasted 00:41:20 (11163 turns).

GreatBrownShark the Cleaver (Hill Orc Monk)        Turns: 11163, Time: 00:41:20

Health: 0/71       AC:  9    Str: 17    XL:     9   Next: 29%
Magic:  9/9        EV: 13    Int: 10    God:    Beogh [*.....]
Gold:   467        SH:  9    Dex: 18    Spells: 8/8 levels left

rFire    . . .     SeeInvis .   E - +2 hand axe (venom)
rCold    . . .     Gourm    .   m - +1 shield (curse)
rNeg     + . .     Faith    .   a - +0 scale mail
rPois    .         Spirit   .   (no helmet)
rElec    .         Reflect  .   (no cloak)
rCorr    .         Harm     .   (no gloves)
MR       .....                  (no boots)
Stlth    ++........             (no amulet)
HPRegen  0.21/turn              s - +3 ring of protection
MPRegen  0.11/turn              p - ring of positive energy

@: agile
A: no striking features
a: Renounce Religion


You were on level 8 of the Dungeon.
You worshipped Beogh.
Beogh was aware of your devotion.
You were not hungry.

You visited 2 branches of the dungeon, and saw 10 of its levels.
You also visited: Sewer.

You collected 467 gold pieces.

Inventory:

Hand Weapons
 E - a +2 hand axe of venom (weapon)
Missiles
 e - 123 stones (quivered)
 o - 4 throwing nets
Armour
 a - a +0 scale mail (worn)
 m - a cursed +1 shield (worn)
Jewellery
 i - an uncursed amulet of faith {unknown}
 j - an uncursed amulet of guardian spirit {unknown}
 k - an uncursed amulet of regeneration {unknown}
 p - a ring of positive energy (right hand)
 r - an uncursed amulet of guardian spirit {unknown}
 s - a +3 ring of protection (left hand)
Wands
 n - a wand of flame (38)
 u - a wand of random effects (13)
 C - a wand of digging (10)
 D - a wand of enslavement (13)
Scrolls
 d - a scroll of identify
 f - 9 scrolls of remove curse
 l - a scroll of amnesia
 w - 2 scrolls of torment
 x - a scroll of enchant weapon
Potions
 b - 4 potions of brilliance
Books
 y - a book of Changes

   Spells                             Type                      Level
   a - Beastly Appendage              Transmutation                1
   b - Sticks to Snakes               Transmutation                2
   c - Spider Form                    Transmutation/Poison         3
   d - Ice Form                       Ice/Transmutation            4
   e - Blade Hands                    Transmutation                5
Comestibles
 c - 11 rations
 g - 3 chunks of flesh


   Skills:
 + Level 4.3 Fighting
 - Level 14.6 Axes
 + Level 1.7 Armour
 - Level 2.4 Dodging
 - Level 1.5 Stealth
 + Level 1.7 Shields


You had 8 spell levels left.
You didn't know any spells.

Dungeon Overview and Level Annotations

Branches:
Dungeon (9/15)             Temple (0/1) D:4            Lair (1/6) D:8
    Orc: D:9-12

Altars:
Cheibriados
Elyvilon
Hepliaklqana
Qazlal
Trog
Uskayaw
The Shining One

Annotations:
D:4 exclusion: worker ant
D:5 exclusion: player ghost, Eustachio; Sigmund; WinstonMain's ghost, amateur GrFi
D:6 exclusions: ogre and sky beast, Dowan; Duvessa
D:8 exclusion: 2 oklob plants


Message History

You are too injured to fight recklessly!
You are too injured to fight recklessly!
The blink frog blinks!
The blink frog blinks!
The blink frog blinks!
You hit the blink frog.
The blink frog is poisoned.
The blink frog is heavily wounded.
You hit the blink frog.
The blink frog looks as sick as possible!
The blink frog is heavily wounded.
You closely miss the blink frog. The blink frog hits you.
* * * LOW HITPOINT WARNING * * *
The blink frog blinks!
Your scale mail prevents you from hitting the blink frog.
The blink frog is severely wounded.
You block the blink frog's attack.
You hit the blink frog.
The blink frog is almost dead.
The blink frog hits you!
You die...

....................#..#
######################.##########
..#########.##.##................
#........##.##.##.####.##########
..######.#...#<##..###.##########
..# ###...#...##.>.§F.........##
### #....###.....####.#######.##
# #.#...#.....### #.# #.##
#.#.#...#.F@..# #.# #.##
#.#.##.##..F..###.# #.##
##.####...>........# ####.##
##...######.....##### #....##
##.....## #.....# #.#####
#.......######.###### #.# #.
#..._...#.# #......# #.####.
#.......#.# ######.# #......
###.....##.# #.# ######.


You could see 2 blink frogs.

Vanquished Creatures
  A komodo dragon (Lair:1)
  A blink frog (D:8)
  5 yaks (D:8)
  A sky beast (D:6)
  An ogre (D:8)
  A bullfrog (D:8)
  An electric eel (Lair:1)
  4 howler monkeys
  3 hounds
  An iguana (D:4)
  A worker ant (D:8)
  12 adders
  7 river rats
  2 shadow imps
  An ooze (D:1)
  An adder zombie (D:6)
  A worm (D:3)
  A dart slug (D:2)
  4 leopard geckos
  9 orcs
  6 giant cockroaches
  4 goblins
  6 hobgoblins
  5 jackals
  3 quokkas
  3 ball pythons
  5 bats
  2 frilled lizards
  7 kobolds
  13 rats
112 creatures vanquished.

Vanquished Creatures (collateral kills)
  A blink frog (D:8)
1 creature vanquished.

Vanquished Creatures (others)
  A jelly (D:8)
  2 orc priests (D:8)
  3 orcs (D:8)
  A fungus (Lair:1)
7 creatures vanquished.

Grand Total: 120 creatures vanquished

Notes
Turn   | Place    | Note
-------+----------+-------------------------------------------
     0 | D:1      | GreatBrownShark the Hill Orc Monk began the quest for the Orb.
     0 | D:1      | Reached XP level 1. HP: 19/19 MP: 1/1
   343 | D:1      | Reached XP level 2. HP: 26/26 MP: 2/2
   662 | D:1      | Reached skill level 5 in Axes
   872 | D:1      | Reached XP level 3. HP: 27/31 MP: 3/3
  1308 | D:2      | Found a bloodstained altar of Trog.
  1832 | D:2      | Reached skill level 6 in Axes
  1839 | D:2      | Found a faded altar of an unknown god.
  1943 | D:2      | Reached XP level 4. HP: 31/39 MP: 4/4
  2813 | D:3      | Found a glowing drain.
  2840 | D:3      | Reached skill level 7 in Axes
  2870 | D:3      | Reached XP level 5. HP: 23/45 MP: 5/5
  2893 | Sewer    | Entered a sewer
  4002 | Sewer    | Reached skill level 8 in Axes
  5146 | D:4      | Found a staircase to the Ecumenical Temple.
  5246 | D:4      | Reached XP level 6. HP: 11/51 MP: 6/6
  5726 | D:4      | Reached skill level 9 in Axes
  6300 | D:4      | Found a hide-covered altar of Uskayaw.
  6300 | D:4      | Found a snail-covered altar of Cheibriados.
  6387 | D:5      | Entered Level 5 of the Dungeon
  6463 | D:5      | Noticed WinstonMain's ghost (amateur GrFi)
  6541 | D:5      | Noticed Eustachio
  6846 | D:5      | Found a white marble altar of Elyvilon.
  7070 | D:5      | Noticed Sigmund
  7131 | D:5      | Noticed a sky beast
  7311 | D:5      | Found a glowing golden altar of the Shining One.
  7413 | D:6      | Noticed a sky beast
  7458 | D:6      | Killed a sky beast
  7458 | D:6      | Reached skill level 10 in Axes
  7458 | D:6      | Reached XP level 7. HP: 15/57 MP: 7/7
  7974 | D:6      | Noticed Duvessa
  7976 | D:6      | Noticed Dowan
  8244 | D:7      | Noticed a troll
  8382 | D:8      | Noticed an oklob plant
  8425 | D:8      | Noticed a yak
  8425 | D:8      | Noticed a yak
  8425 | D:8      | Noticed a yak
  8426 | D:8      | Noticed a yak
  8426 | D:8      | Noticed a yak
  8474 | D:8      | Reached skill level 11 in Axes
  8475 | D:8      | Killed a yak
  8560 | D:8      | Killed a yak
  8560 | D:8      | Reached skill level 12 in Axes
  8560 | D:8      | Reached XP level 8. HP: 37/64 MP: 8/8
  8722 | D:8      | Killed a yak
  8933 | D:8      | Found a staircase to the Lair.
  8951 | D:8      | Killed a yak
  8951 | D:8      | Reached skill level 13 in Axes
  8975 | D:8      | Killed a yak
  9284 | D:8      | Became a worshipper of Beogh the Brigand
  9284 | D:8      | Reached * piety under Beogh
  9284 | D:8      | Reached ** piety under Beogh
  9358 | D:8      | Noticed an oklob plant
  9667 | D:8      | Found a hazy altar of Hepliaklqana.
  9694 | D:8      | Found a stormy altar of Qazlal.
  9768 | Lair:1   | Entered Level 1 of the Lair of Beasts
  9992 | Lair:1   | Noticed a komodo dragon
 10029 | Lair:1   | Killed a komodo dragon
 10029 | Lair:1   | Reached skill level 14 in Axes
 10029 | Lair:1   | Reached XP level 9. HP: 29/70 MP: 9/9
 10959 | D:8      | Reached skill level 1 in Armour
 10959 | D:8      | Reached skill level 1 in Shields
 11163 | D:8      | Slain by a blink frog

Skill      XL: |  1  2  3  4  5  6  7  8  9 |
---------------+----------------------------+-----
Axes           | 5 6 7 8 10 12 14 | 14.6
Fighting       | 4 |  4.3
Armour         | 1 |  1.7
Shields        | 1 |  1.7
Dodging        | |  2.4
Stealth        | |  1.5

Action                   |  1- 3 |  4- 6 |  7- 9 || total
-------------------------+-------+-------+-------++-------
Melee: Hand axe          |   113 |   294 |   132 ||   539
Throw: Stone             |       |    44 |     7 ||    51
Invok: Convert to Beogh  |       |       |     1 ||     1
Evoke: Wand              |       |       |     3 ||     3
  Use: Potion            |       |     1 |     8 ||     9
       Scroll            |       |     9 |     4 ||    13
 Stab: Sleeping          |     1 |     1 |       ||     2
  Eat: Chunk             |     2 |    15 |     9 ||    26
       Ration            |       |     1 |     1 ||     2
Armor: Leather armour    |    29 |    52 |     5 ||    86
       Scale mail        |       |       |     9 ||     9
Dodge: Dodged            |    63 |   163 |    46 ||   272
Block: Shield            |       |    12 |    39 ||    51
